[Event "*** Titled Tuesday Blitz"]
[Site "Chess.com"]
[Date "2020.05.12"]
[Round "5"]
[White "AlanZhang"]
[Black "Kavyev_Ruslan"]
[Result "0-1"]
[WhiteElo "2179"]
[BlackElo "2460"]
[TimeControl "180+1"]
[EndTime "10:54:09 PDT"]
[Termination "Kavyev_Ruslan won on time"]

1. e4 c5 2. Nf3 d6 3. d4 cxd4 4. Nxd4 Nf6 5. Nc3 a6 6. h3 e5 7. Nb3 h5 8. g3 Be6 9. f4 Qc7 10.
f5 Bc4 11. Qf3 Nbd7 12. Be3 b5 13. O-O-O Be7 14. Bxc4 bxc4 15. Nd2 Rb8 16. g4 Nb6 17. Bxb6 Qxb6 18. Nxc4 Qb4 19. Qd3 O-O 20. b3 Rfc8 21. Nd5 Nxd5 22. exd5 a5 23. a3 Qc5 24. gxh5 a4 25. Rhg1 axb3 26. cxb3 Qxa3+ 27. Kd2 Qxb3 28. Qxb3 Rxb3 29. f6 Bxf6 30. Nxd6 Ra8 31. Rc1 Rxh3 32. Ne4 Bd8 33. d6 Rxh5 34. d7 Rh2+ 35. Ke1 Kf8 36. Rc8 Ra1+ 0-1

[Event "*** Titled Tuesday Blitz"]
[Site "Chess.com"]
[Date "2020.05.12"]
[Round "5"]
[White "StockholmMissile"]
[Black "CzechmVIII"]
[Result "1-0"]
[WhiteElo "2447"]
[BlackElo "2244"]
[TimeControl "180+1"]
[EndTime "10:54:11 PDT"]
[Termination "StockholmMissile won by resignation"]

1. d4 Nf6 2. c4 c5 3. d5 e6 4. Nc3 exd5 5. cxd5 d6 6. e4 g6 7. Bd3 Bg7 8. h3 O-O 9. Nf3 b5 10. Nxb5 Re8 11. O-O Nxe4 12. Re1 a6 13. Rxe4 Rxe4 14. Nxd6 Rb4 15. a3 Qxd6 16. axb4 cxb4 17. Nd2 Bb7 18.
Ra5 Bd4 19. Nc4 Qg3 20. Be3 Bxe3 21. Nxe3 Qc7 22. Qa4 Nd7 23. Qxb4 Re8 24. Bxa6 Bxa6 25. Rxa6 Qc1+ 26. Kh2 Qc7+ 27. d6 Qc1 28. Qa4 Qc8 29.
Ra7 Rd8 30. Rc7 Qb8 31. Rxd7 Rxd7 32. Qxd7 Qxb2 33. Qe8+ Kg7 34. d7 Qxf2 35. d8=Q Qf4+ 36. Kg1 1-0

[Event "*** Titled Tuesday Blitz"]
[Site "Chess.com"]
[Date "2020.05.12"]
[Round "5"]
[White "atalz0"]
[Black "BikingBrian"]
[Result "1-0"]
[WhiteElo "2439"]
[BlackElo "2242"]
[TimeControl "180+1"]
[EndTime "10:54:11 PDT"]
[Termination "atalz0 won by resignation"]

1. d4 Nf6 2. c4 g6 3. f3 Bg7 4. e4 d6 5. Nc3 O-O 6. Be3 c5 7. dxc5 dxc5 8. Qxd8 Rxd8 9. Bxc5 Nc6 10. Nge2 Nd7 11. Be3 Nb4 12. O-O-O b6 13. a3 Nc6 14.
Nd4 Nce5 15. Be2 Ba6 16. b3 Nc5 17. Kc2 Rac8 18. f4 Nxb3 19. fxe5 Nxd4+ 20. Rxd4 Rxd4 21. Bxd4 Bxc4 22. Bxc4 Rxc4 23. Kd3 Rc8 24. Nd5 Kf8 25. Rf1 Rd8 26. e6 f5 27. Bxg7+ Kxg7 28. Kd4 Rd6 29. exf5 gxf5 30. Ke5 Kf8 31. Rxf5+ Ke8 32. Rf7 1-0

[Event "*** Titled Tuesday Blitz"]
[Site "Chess.com"]
[Date "2020.05.12"]
[Round "5"]
[White "davigator"]
[Black "Perecke"]
[Result "1-0"]
[WhiteElo "2370"]
[BlackElo "2192"]
[TimeControl "180+1"]
[EndTime "10:54:11 PDT"]
[Termination "davigator won on time"]

1. e4 e5 2. Nf3 Nc6 3. Bb5 a6 4.
Ba4 Nf6 5. O-O Be7 6. Re1 b5 7. Bb3 d6 8. c3 O-O 9. h3 Na5 10. Bc2 c5 11. d4 Qc7 12. Nbd2 cxd4 13. cxd4 Nc6 14. d5 Nb4 15. Bb1 a5 16. a3 Na6 17. Nf1 Bd7 18. Ng3 Rfc8 19. Bd2 b4 20.
axb4 a4 21. Bd3 Qb7 22. b5 Nc5 23. Bc3 Bxb5 24. Bc2 Bf8 25. Qd2 g6 26. Qg5 Bg7 27. Nh4 h6 28. Qd2 Qc7 29. Re3 Nb3 30. Bxb3 axb3 31.
Rae1 Ra2 32. Rf3 Kh7 33. Nhf5 gxf5 34. Nxf5 Ng8 35. Rg3 Bf8 36. f4 1-0

[Event "*** Titled Tuesday Blitz"]
[Site "Chess.com"]
[Date "2020.05.12"]
[Round "5"]
[White "kot60"]
[Black "tgpgoat"]
[Result "1-0"]
[WhiteElo "2340"]
[BlackElo "2084"]
[TimeControl "180+1"]
[EndTime "10:54:16 PDT"]
[Termination "kot60 won by resignation"]

1. e4 c5 2. Nc3 Nc6 3. Bc4 g6 4. d3 Bg7 5. f4 e6 6. f5 Nge7 7. Nge2 d5 8. Bb3 O-O 9. O-O exf5 10. Nxd5 Nxd5 11. Bxd5 fxe4 12. Bxe4 Be6 13. Kh1 Rc8 14. Nf4 Bd7 15. c3 b6 16. Qf3 Ne5 17. Qg3 Bc6 18. Be3 Bxe4 19. dxe4 Qc7 20. Nd5 Qd6 21. Bf4 Qe6 22.
h3 Nc4 23. Bg5 Nd2 24. Bxd2 Qxe4 25. Nf6+ Bxf6 26. Rxf6 Qc2 27. Qf4 Qxb2 28. Rf1 Qxa2 29. Rd6 a5 30. Qf6 Qe6 31. Rxe6 fxe6 32. Qxe6+ Kg7 33. Qe7+ Kg8 34. Rxf8+ Rxf8 35. Bh6 Rf7 36. Qe8+ 1-0

[Event "*** Titled Tuesday Blitz"]
[Site "Chess.com"]
[Date "2020.05.12"]
[Round "5"]
[White "Micki-taryan"]
[Black "Gergo85"]
[Result "1-0"]
[WhiteElo "3061"]
[BlackElo "2518"]
[TimeControl "180+1"]
[EndTime "10:54:17 PDT"]
[Termination "Micki-taryan won by checkmate"]

1. d4 d5 2. Nf3 Nf6 3. c4 dxc4 4. e3 Bg4 5. Bxc4 e6 6. h3 Bh5 7. Nbd2 a6 8. Be2 Nc6 9. O-O Bd6 10. b3 O-O 11. Bb2 Nd5 12. Ne5 Bxe2 13. Qxe2 Nxe5 14.
dxe5 Bb4 15. Ne4 Qh4 16. Qc2 Rfd8 17. Rfd1 Bf8 18. Rd4 Qh5 19. Rad1 Qg6 20. Qb1 Be7 21. a3 h6 22. b4 Nb6 23. Qc1 Rxd4 24. Rxd4 Nd5 25.
Nd2 h5 26. Nf3 c6 27. e4 Nb6 28. Qd1 h4 29. Bc3 Re8 30. a4 c5 31. bxc5 Bxc5 32. Rd8 Rxd8 33. Qxd8+ Kh7 34. Ng5+ Kh6 35. Qh8+ Kxg5 36. Bd2+ Be3 37. Bxe3# 1-0

[Event "*** Titled Tuesday Blitz"]
[Site "Chess.com"]
[Date "2020.05.12"]
[Round "5"]
[White "kingmonkey2006"]
[Black "allvim"]
[Result "1-0"]
[WhiteElo "2659"]
[BlackElo "2275"]
[TimeControl "180+1"]
[EndTime "10:54:17 PDT"]
[Termination "kingmonkey2006 won on time"]

1. Nf3 Nf6 2. g3 d5 3. Bg2 e6 4. O-O Be7 5. d4 O-O 6. c4 dxc4 7. Qc2 a6 8. Qxc4 b5 9. Qc2 Bb7 10. a4 b4 11. Nbd2 Nbd7 12. Nb3 Be4 13. Qd1 Rc8 14.
Be3 c5 15. dxc5 Nxc5 16. Bxc5 Bxc5 17. Qe1 a5 18. Nfd2 Bxg2 19. Kxg2 Qd5+ 20. Kg1 Bb6 21. Rd1 Rfd8 22. Rc1 Ng4 23. e3 Rxc1 24. Qxc1 Nxe3 25. fxe3 Bxe3+ 26. Rf2 Qg5 27. Qe1 Bxf2+ 28. Qxf2 h5 29. Kg2 Qd5+ 30. Qf3 Qd6 31. Nc4 1-0

[Event "*** Titled Tuesday Blitz"]
[Site "Chess.com"]
[Date "2020.05.12"]
[Round "5"]
[White "ZEN-22"]
[Black "ameetghasi100"]
[Result "0-1"]
[WhiteElo "2431"]
[BlackElo "2712"]
[TimeControl "180+1"]
[EndTime "10:54:20 PDT"]
[Termination "ameetghasi100 won by resignation"]

1. e4 c5 2. b4 b6 3. bxc5 bxc5 4. Bc4 e6 5. Nc3 Nc6 6. Nf3 a6 7. O-O Qc7 8. Re1 Bd6 9. Bb2 Nf6 10. Nd5 exd5 11.
e5 O-O 12. exd6 Qxd6 13. Bxf6 dxc4 14. Bh4 Qg6 15. Ne5 Nxe5 16. Rxe5 d6 17. Rg5 Qh6 18. Rh5 Qg6 19. Rg5 Qe4 20. Bg3 h6 21. f3 Qd4+ 22.
Bf2 Qf6 23. Rg3 Rb8 24. c3 Bf5 25. h3 h5 26. Be3 Rfe8 27. Qa4 Rxe3 28. dxe3 h4 29.
Rg4 Qxc3 30. Rxc4 Qxa1+ 31. Kh2 Qe5+ 32. f4 Qxe3 0-1

[Event "*** Titled Tuesday Blitz"]
[Site "Chess.com"]
[Date "2020.05.12"]
[Round "5"]
[White "Caisachess"]
[Black "Alopekos"]
[Result "0-1"]
[WhiteElo "2307"]
[BlackElo "2484"]
[TimeControl "180+1"]
[EndTime "10:54:22 PDT"]
[Termination "Alopekos won by resignation"]

1. e4 c5 2. c3 Nf6 3. e5 Nd5 4. d4 cxd4 5. Nf3 e6 6. cxd4 d6 7. a3 Nc6 8. Bd3 g6 9. O-O Bg7 10. Re1 O-O 11. Nbd2 dxe5 12. dxe5 Nf4 13. Bb5 Nd3 14.
Bxd3 Qxd3 15. Qb3 Rd8 16. Qxd3 Rxd3 17. Nc4 b5 18. Nd6 Nxe5 19. Nxe5 Rxd6 20. Bf4 Rd4 21. Bg3 Bb7 22. Rac1 Rc8 23. Rxc8+ Bxc8 24. Rc1 Bb7 25. h3 f5 26. Rc7 f4 27. Rxb7 Rd1+ 28. Kh2 fxg3+ 29.
fxg3 Bxe5 30. Rxa7 Bd4 31. h4 Bxa7 0-1

[Event "*** Titled Tuesday Blitz"]
[Site "Chess.com"]
[Date "2020.05.12"]
[Round "5"]
[White "kingofthenil"]
[Black "tan275"]
[Result "1-0"]
[WhiteElo "2462"]
[BlackElo "2187"]
[TimeControl "180+1"]
[EndTime "10:54:23 PDT"]
[Termination "kingofthenil won on time"]

1. d4 d5 2. c4 e6 3. Nc3 Be7 4. Nf3 Nf6 5. g3 dxc4 6. Bg2 c5 7. dxc5 Qxd1+ 8. Nxd1 Bxc5 9. Ne5 O-O 10. O-O Nc6 11.
Nxc4 Bd7 12. Nc3 Rfd8 13. Be3 Bxe3 14. Nxe3 Ne5 15. Rfd1 Bc6 16. f4 Neg4 17. Nxg4 Nxg4 18. Bxc6 bxc6 19. Ne4 Rd5 20. h3 Ne3 21. Rdc1 f5 22. Nc5 Rd2 23. Kf2 Nc2 24. Rab1 Nb4 25. Ke3 Rd5 26.
a3 Na2 27. Rc4 Rad8 28. Nd3 e5 29. fxe5 c5 30. b3 Rd4 31. Rxc5 1-0

[Event "*** Titled Tuesday Blitz"]
[Site "Chess.com"]
[Date "2020.05.12"]
[Round "5"]
[White "Parhamov"]
[Black "vanea_03"]
[Result "1-0"]
[WhiteElo "3003"]
[BlackElo "2627"]
[TimeControl "180+1"]
[EndTime "10:54:24 PDT"]
[Termination "Parhamov won by resignation"]

1. e4 e5 2. Nf3 Nc6 3. Bb5 a6 4. Ba4 Nf6 5. O-O Bc5 6. c3 b5 7. Bc2 d5 8. d4 dxe4 9. Nxe5 Nxe5 10. dxc5 Nd3 11. a4 Bb7 12. Bxd3 Qxd3 13. Qxd3 exd3 14.
axb5 axb5 15. Rxa8+ Bxa8 16. Na3 Bc6 17. Rd1 Ke7 18.
Rxd3 Rd8 19. Rxd8 Kxd8 20. Bg5 Ke7 21. Nc2 Bd7 22. Nd4 c6 23. f4 h6 24. Bh4 g5 25.
fxg5 Ne4 26. gxh6+ Kf8 27. h3 Kg8 28. Be7 Kh7 29. Bf8 Kg8 30. Bg7 Nxc5 31. Nf3 Nd3 32. g4 Be6 33. Ng5 1-0

[Event "*** Titled Tuesday Blitz"]
[Site "Chess.com"]
[Date "2020.05.12"]
[Round "5"]
[White "IriBu"]
[Black "WildBizon"]
[Result "1-0"]
[WhiteElo "2551"]
[BlackElo "2681"]
[TimeControl "180+1"]
[EndTime "10:54:24 PDT"]
[Termination "IriBu won by checkmate"]

1. e4 c5 2. Nf3 Nc6 3. Bb5 g6 4. Bxc6 bxc6 5. d4 cxd4 6. Qxd4 f6 7. O-O Bg7 8. c4 Nh6 9. Bxh6 Bxh6 10. c5 O-O 11. Rd1 Rb8 12. Na3 a5 13. b3 Rb4 14.
Qd3 a4 15. Nc2 Rb8 16. b4 Ra8 17. a3 Ra7 18. h3 Ba6 19. Qc3 Qc7 20. Rd4 Bg7 21.
Re1 d6 22. cxd6 exd6 23. Qd2 Rd8 24. Ne3 Qe7 25. Rd1 Rad7 26. h4 h5 27. Qc2 Bb5 28. e5 fxe5 29. R4d2 e4 30. Nd4 Bxd4 31. Rxd4 d5 32. g3 Qf6 33. Qc5 Rf7 34. R1d2 Rdf8 35. Nxd5 cxd5 36. Qxb5 e3 37. fxe3 Qe5 38. Qd3 Qxg3+ 39.
Rg2 Rf1+ 40. Qxf1 Rxf1+ 41. Kxf1 Qf3+ 42. Rf2 Qxe3 43. Rdf4 Qxa3 44. Rf8+ Kg7 45. R2f7+ Kh6 46. Rh8# 1-0

[Event "*** Titled Tuesday Blitz"]
[Site "Chess.com"]
[Date "2020.05.12"]
[Round "5"]
[White "jerry_77"]
[Black "DonPreuss"]
[Result "1-0"]
[WhiteElo "2462"]
[BlackElo "2180"]
[TimeControl "180+1"]
[EndTime "10:54:24 PDT"]
[Termination "jerry_77 won by resignation"]

1. e4 e5 2. Nf3 d5 3. Nxe5 Bd6 4.
d4 dxe4 5. Nc3 Bxe5 6. dxe5 Qxd1+ 7. Nxd1 Nc6 8. Bb5 Bd7 9. Nc3 O-O-O 10. Bg5 Re8 11.
O-O-O Nxe5 12. Bxd7+ Nxd7 13. Rhe1 f5 14. Rd5 h6 15. Be3 Ne7 16. Ra5 a6 17. Nd5 Nxd5 18. Rxd5 g6 19. h4 Rhf8 20. Bxh6 Rf7 21. Red1 Nf6 22. R5d4 Rd7 23. Bg5 Rxd4 24. Rxd4 Ng4 25. f3 exf3 26. gxf3 Nh2 27. Rd3 b6 28. Kd1 Nf1 29.
Bf4 Rh8 30. Rc3 c5 31. Ke2 Rxh4 32. Be5 Rh1 33. b4 Kb7 34. bxc5 bxc5 35. Rxc5 Nh2 36.
Rc7+ Kb6 37. Rh7 Rc1 38. Rxh2 Rxc2+ 39. Kd3 Rxh2 40. Bxh2 Kc5 41. Bf4 Kd5 42. Bg5 a5 43.
f4 Kc5 44. Kc3 a4 45. Bh6 a3 46. Bf8+ Kd5 47. Bxa3 g5 48. fxg5 f4 1-0

[Event "*** Titled Tuesday Blitz"]
[Site "Chess.com"]
[Date "2020.05.12"]
[Round "5"]
[White "petrkostenko"]
[Black "mmaks007"]
[Result "1-0"]
[WhiteElo "2467"]
[BlackElo "2241"]
[TimeControl "180+1"]
[EndTime "10:54:25 PDT"]
[Termination "petrkostenko won by resignation"]

1. e4 g6 2. d4 Bg7 3. Nc3 d6 4.
Bf4 a6 5. Nf3 b5 6. Qd2 Bb7 7.
Bd3 Nd7 8. O-O c5 9. dxc5 Nxc5 10. Rfe1 Nxd3 11. cxd3 Nf6 12. Bh6 O-O 13. Bxg7 Kxg7 14. Ne2 Rc8 15. Ng3 h6 16. h4 Nd7 17. d4 Nb6 18. b3 Rc7 19. Nh2 Qd7 20. h5 Rfc8 21. hxg6 fxg6 22. d5 Kh7 23. Qd4 Na8 24. Rad1 Rc2 25. e5 dxe5 26. Rxe5 R8c7 27. Qe4 Qe8 28.
Ng4 Qf7 29. Qe3 Qg7 30. Re6 Rd7 31. Qe4 Rxa2 32. Nh5 Qf7 33. Qe3 Qf8 34. d6 Rxd6 35. Rdxd6 exd6 36. Re7+ 1-0

[Event "*** Titled Tuesday Blitz"]
[Site "Chess.com"]
[Date "2020.05.12"]
[Round "5"]
[White "dolynachess"]
[Black "HanSchut"]
[Result "0-1"]
[WhiteElo "2361"]
[BlackElo "2216"]
[TimeControl "180+1"]
[EndTime "10:54:26 PDT"]
[Termination "HanSchut won on time"]

1. d4 Nf6 2. c4 g6 3. Nc3 d5 4. cxd5 Nxd5 5. e4 Nxc3 6. bxc3 Bg7 7. Bc4 c5 8. Ne2 Nc6 9. Be3 O-O 10. h4 cxd4 11. cxd4 Qa5+ 12. Kf1 Bd7 13. h5 Rfc8 14. hxg6 hxg6 15. Qb3 Nd8 16. Nf4 Rxc4 17. Nxg6 Qb5 18. Nxe7+ Kf8 19. Kg1 Kxe7 20. Qd1 Ne6 21. Rb1 Qa4 22. Qf3 Rxd4 23. Rh7 Rh8 0-1

[Event "*** Titled Tuesday Blitz"]
[Site "Chess.com"]
[Date "2020.05.12"]
[Round "5"]
[White "earling8018"]
[Black "politeplayer"]
[Result "1/2-1/2"]
[WhiteElo "2028"]
[BlackElo "2185"]
[TimeControl "180+1"]
[EndTime "10:54:26 PDT"]
[Termination "Game drawn by agreement"]

1. d4 Nf6 2. c4 c5 3. Nf3 cxd4 4. Nxd4 g6 5. g3 Bg7 6. Bg2 O-O 7. O-O Nc6 8. Nc3 Qa5 9. Nb3 Qh5 10. e4 Qxd1 11.
Rxd1 d6 12. h3 Be6 13. Nd2 Ne5 14. Bf1 Rac8 15. b3 a6 16. Bb2 Rfd8 17. Rac1 h5 18. f4 Nc6 19. Nf3 Nd7 20. Na4 Bxb2 21. Nxb2 Nc5 22.
Re1 Nb4 23. a3 Na2 24. Ra1 Nc3 25. Nd2 f5 26. exf5 Bxf5 27. b4 N5e4 28. Nxe4 1/2-1/2

[Event "*** Titled Tuesday Blitz"]
[Site "Chess.com"]
[Date "2020.05.12"]
[Round "5"]
[White "SergeiAza"]
[Black "Yashasd1995"]
[Result "0-1"]
[WhiteElo "2746"]
[BlackElo "2594"]
[TimeControl "180+1"]
[EndTime "10:54:27 PDT"]
[Termination "Yashasd1995 won by resignation"]

1. e4 d5 2. exd5 Nf6 3. d4 Bg4 4. Be2 Bxe2 5. Nxe2 Qxd5 6. O-O Nc6 7. Nbc3 Qf5 8. Ng3 Qg6 9. Nb5 O-O-O 10. c4 e6 11. Qa4 a6 12. Bf4 Ne8 13. d5 exd5 14. cxd5 Rxd5 15. Nc3 Rd4 16. Qb3 Rxf4 17. Rfe1 Nf6 18.
Rac1 Bd6 19. Nd1 Rb4 20. Qc3 Re8 21. Ne3 Rb5 22. a3 Be5 23. Qc4 Bxb2 24. Rc2 Bd4 25.
Rd1 Rc5 0-1

[Event "*** Titled Tuesday Blitz"]
[Site "Chess.com"]
[Date "2020.05.12"]
[Round "5"]
[White "ElGasanov"]
[Black "Jospem"]
[Result "1-0"]
[WhiteElo "2743"]
[BlackElo "2856"]
[TimeControl "180+1"]
[EndTime "10:54:28 PDT"]
[Termination "ElGasanov won by checkmate"]

1. d4 Nf6 2. Nf3 e6 3. c4 Bb4+ 4. Nc3 b6 5. Qb3 c5 6. Bg5 Bb7 7. Rd1 h6 8. Bh4 Nc6 9. e3 O-O 10. Be2 d6 11. O-O Bxc3 12. Qxc3 Qe7 13. Rfe1 Rac8 14. Bf1 cxd4 15. exd4 d5 16. cxd5 Nb4 17.
Bxf6 gxf6 18. Qd2 Bxd5 19. Qxh6 Rfd8 20. Re3 Nc2 21. Bd3 f5 22. Ng5 f6 23. Rg3 f4 24. Bh7+ Kh8 25. Bg6+ Kg8 26. Bf7+ Qxf7 27. Nxf7+ Kxf7 28. Rg7+ Kf8 29. Qh8# 1-0

[Event "*** Titled Tuesday Blitz"]
[Site "Chess.com"]
[Date "2020.05.12"]
[Round "5"]
[White "Chichin_chao"]
[Black "bait_or_mate"]
[Result "1-0"]
[WhiteElo "2367"]
[BlackElo "2488"]
[TimeControl "180+1"]
[EndTime "10:54:30 PDT"]
[Termination "Chichin_chao won by resignation"]

1. e4 c5 2. Nf3 e6 3. b3 a6 4. Bb2 Nc6 5. g3 Nf6 6. e5 Ng4 7. Bg2 Be7 8. h3 Nh6 9. O-O O-O 10. d3 f6 11. exf6 Bxf6 12. Bxf6 Qxf6 13. Nbd2 d5 14.
c4 Bd7 15. Rc1 Nb4 16. cxd5 Nxd3 17. dxe6 Nxc1 18. exd7 Nxa2 19. Ne4 Qe7 20. Qd5+ Nf7 21. Nxc5 Rad8 22. Re1 Qd6 23. Qxd6 Nxd6 24. Ne5 Rf5 25. f4 Nf7 26. Nxb7 Rb8 27. Nxf7 Kxf7 28. d8=Q Rxd8 29. Nxd8+ Kf8 30. Ne6+ 1-0

[Event "*** Titled Tuesday Blitz"]
[Site "Chess.com"]
[Date "2020.05.12"]
[Round "5"]
[White "PelinGorki"]
[Black "Duong57"]
[Result "1-0"]
[WhiteElo "2472"]
[BlackElo "2257"]
[TimeControl "180+1"]
[EndTime "10:54:30 PDT"]
[Termination "PelinGorki won by resignation"]

1. e4 c5 2. a3 Nc6 3. b4 d5 4. exd5 Qxd5 5. Nc3 Qe5+ 6. Be2 Bg4 7. h3 Bh5 8. g4 Bg6 9. Nf3 Qc7 10. bxc5 e6 11. d4 a6 12. Be3 Rd8 13. Qc1 Nf6 14. O-O Be7 15. Rd1 O-O 16. Bf4 Qc8 17. Na4 Nd5 18. Bg3 e5 19. Nxe5 Nxe5 20. Bxe5 Qc6 21. c4 Qxa4 22. cxd5 Be4 23. d6 Bh4 24. Qc4 Qd7 25. d5 Bg6 26. c6 bxc6 27. dxc6 Qa7 28. Qd4 Qa8 29. Bxg7 Rxd6 30. Qxd6 Kxg7 31. Bf3 Rd8 32. Qf4 Rxd1+ 33. Rxd1 Qa7 34. Rd2 Qb6 35. g5 Qb1+ 36.
Rd1 Qb3 37. Qxh4 Qxf3 38. Qh6+ 1-0

[Event "*** Titled Tuesday Blitz"]
[Site "Chess.com"]
[Date "2020.05.12"]
[Round "5"]
[White "DariaVoit"]
[Black "aa175"]
[Result "1-0"]
[WhiteElo "2568"]
[BlackElo "2396"]
[TimeControl "180+1"]
[EndTime "10:54:31 PDT"]
[Termination "DariaVoit won on time"]

1. d4 Nf6 2. Nf3 g6 3. c4 Bg7 4. Nc3 d5 5. Qb3 dxc4 6. Qxc4 O-O 7. e4 Nfd7 8. Be3 Nc6 9. Rd1 Nb6 10. Qb3 Bg4 11.
d5 Bxf3 12. gxf3 Ne5 13. Be2 Qd7 14. h4 h5 15. a4 a5 16. Bd4 Rac8 17. Nb5 Rfd8 18.
Bc3 Ra8 19. Bd4 f6 20. Rg1 Kh7 21. f4 Nf7 22. Qg3 Nh8 23. Bxh5 Qe8 24. f5 Nxa4 25. Nxc7 Qf7 26. fxg6+ 1-0

[Event "*** Titled Tuesday Blitz"]
[Site "Chess.com"]
[Date "2020.05.12"]
[Round "5"]
[White "Shukh_Nikolay"]
[Black "BvsN"]
[Result "1-0"]
[WhiteElo "2523"]
[BlackElo "2382"]
[TimeControl "180+1"]
[EndTime "10:54:31 PDT"]
[Termination "Shukh_Nikolay won by resignation"]

1. d4 d5 2. c4 c6 3. Nf3 Nf6 4. e3 Bf5 5. Nc3 e6 6. Nh4 Be4 7. f3 Bg6 8. g3 Bd6 9. Bd2 Nbd7 10. cxd5 cxd5 11. Nb5 Be7 12. Rc1 O-O 13. Nxg6 hxg6 14.
Bd3 e5 15. dxe5 Nxe5 16. Be2 a6 17. Nd4 Qb6 18. Qb3 Qxb3 19. axb3 Rfc8 20. Kf2 Bc5 21. Bc3 Re8 22. Rhd1 Rac8 23. g4 g5 24. h3 g6 25.
b4 Ba7 26. b3 Rc7 27. Bb2 Rec8 28. Rxc7 Rxc7 29. Nb5 axb5 30. Bxe5 Rc6 31. Bxb5 Re6 32. Bd4 Bb8 33. Rc1 Be5 34. Rc8+ Kg7 35. Bxe5 Rxe5 36. Rc7 d4 37. Bc4 dxe3+ 38. Ke2 Nd5 39. Bxd5 Rxd5 40. Rxb7 Rd2+ 41. Kxe3 Rh2 42. b5 Rxh3 43.
b6 Rh1 44. Rc7 Rb1 45. Rc3 Re1+ 46. Kd4 f5 47. b7 Re8 48. Rc8 1-0

[Event "*** Titled Tuesday Blitz"]
[Site "Chess.com"]
[Date "2020.05.12"]
[Round "5"]
[White "Korona_91"]
[Black "mirochka"]
[Result "1-0"]
[WhiteElo "2458"]
[BlackElo "2166"]
[TimeControl "180+1"]
[EndTime "10:54:31 PDT"]
[Termination "Korona_91 won on time"]

1. e4 c5 2. Nf3 Nc6 3. Bb5 e6 4. Bxc6 bxc6 5. b3 d5 6. e5 Ba6 7.
d3 c4 8. O-O cxd3 9. cxd3 Ne7 10. Re1 Nf5 11. Qc2 Qb6 12. Nc3 Bb4 13. Bd2 Bxc3 14.
Bxc3 O-O 15. Qd2 c5 16. g4 Ne7 17. d4 c4 18. Bb4 Rfe8 19. Bc5 Qc6 20. b4 Bb5 21.
Qc2 Ba4 22. Qc3 Ng6 23. Qe3 a5 24. a3 Bb3 25. h4 Nf8 26. h5 Nd7 27. g5 a4 28. Qf4 Nxc5 29. dxc5 Qd7 30. Nd4 Rac8 31. Re3 f5 32. gxf6 gxf6 33. Rg3+ Kf8 34. Qh6+ 1-0

[Event "*** Titled Tuesday Blitz"]
[Site "Chess.com"]
[Date "2020.05.12"]
[Round "5"]
[White "queen_iryna"]
[Black "MisiekZielony"]
[Result "1-0"]
[WhiteElo "2321"]
[BlackElo "2112"]
[TimeControl "180+1"]
[EndTime "10:54:32 PDT"]
[Termination "queen_iryna won by resignation"]

1. d4 d5 2. Nc3 c6 3. e4 g6 4. exd5 cxd5 5. Bf4 a6 6. Nf3 Nc6 7. Be2 Bg4 8. h3 Bxf3 9. Bxf3 e6 10. Ne2 Qb6 11.
O-O Bg7 12. c3 Nge7 13. Qb3 Qa7 14. Nc1 O-O 15. Nd3 b6 16. Rfe1 Rfd8 17. Qc2 Rac8 18. Qe2 Nf5 19. Bg4 Nfxd4 20. cxd4 Nxd4 21. Qd1 Nc2 22. Be5 Nxa1 23. Qxa1 Bxe5 24. Nxe5 Qc7 25. Qd1 Qe7 26.
Nxf7 Kxf7 27. Bxe6+ Kg7 28. Bxc8 1-0

[Event "*** Titled Tuesday Blitz"]
[Site "Chess.com"]
[Date "2020.05.12"]
[Round "5"]
[White "Kapibara_Warri0r"]
[Black "tonyq11"]
[Result "0-1"]
[WhiteElo "2064"]
[BlackElo "2221"]
[TimeControl "180+1"]
[EndTime "10:54:32 PDT"]
[Termination "tonyq11 won by checkmate"]

1. e4 c5 2. Nf3 e6 3. d4 cxd4 4. Nxd4 Nc6 5. g3 a6 6. Bg2 Bc5 7. Nxc6 bxc6 8. Bf4 d5 9. exd5 exd5 10. O-O Ne7 11. Nd2 O-O 12. Nf3 Ng6 13. Bd2 Bg4 14.
h3 Bf5 15. Bc3 Be4 16. Bd4 Bxd4 17. Qxd4 Qd6 18. c4 c5 19. Qd2 d4 20. b3 Qc6 21.
Ne1 Bxg2 22. Nxg2 Ne5 23. Qf4 Ng6 24. Qd2 Rfe8 25. Rfe1 f6 26. Nf4 Ne5 27. Qc2 Nf3+ 28. Kf1 Nxe1 29. Rxe1 Qh1# 0-1

[Event "*** Titled Tuesday Blitz"]
[Site "Chess.com"]
[Date "2020.05.12"]
[Round "5"]
[White "gahryman"]
[Black "yobdc"]
[Result "1-0"]
[WhiteElo "2638"]
[BlackElo "1850"]
[TimeControl "180+1"]
[EndTime "10:54:33 PDT"]
[Termination "gahryman won on time"]

1. e4 c5 2. Nf3 e6 3. g3 Nc6 4. Bg2 d6 5. O-O Nf6 6. Qe2 Be7 7. c3 O-O 8. d4 d5 9. e5 Ne4 10. Nbd2 Nxd2 11. Bxd2 b6 12. h4 a5 13. Rfe1 Ba6 14.
Qd1 cxd4 15. Nxd4 Nxd4 16. cxd4 Rc8 17. Qg4 Kh8 18. Rac1 Qd7 19. Qh5 Bb4 20. Bxb4 axb4 21. Bf1 Bxf1 22. Kxf1 Kg8 23. Qe2 h6 24. Kg2 Rc6 25.
Qd2 Rc4 26. b3 Rxc1 27. Rxc1 Qb5 28. Rc7 f6 29. Qc2 f5 30. Qc6 Qxc6 31. Rxc6 Ra8 32. Rxe6 Rxa2 33. Rxb6 1-0

[Event "*** Titled Tuesday Blitz"]
[Site "Chess.com"]
[Date "2020.05.12"]
[Round "5"]
[White "kleopl"]
[Black "LLRChess"]
[Result "0-1"]
[WhiteElo "2404"]
[BlackElo "2560"]
[TimeControl "180+1"]
[EndTime "10:54:35 PDT"]
[Termination "LLRChess won by resignation"]

1. c4 e6 2. Nc3 f5 3. g3 Nf6 4. Bg2 c6 5. d4 d5 6. Nh3 Be7 7. O-O Ne4 8. Qc2 h5 9. b3 h4 10. f3 Nxc3 11. Qxc3 hxg3 12. hxg3 g5 13. e4 g4 14. fxg4 dxe4 15. Bb2 Bf6 16. Qe3 Na6 17. Rad1 Nb4 18. gxf5 exf5 19. Ba3 Nc2 20. Qd2 Nxa3 21.
Nf4 c5 22. Nd5 Bxd4+ 23. Rf2 Be6 24. Qf4 Bxd5 25. cxd5 Qxd5 26. Kf1 O-O-O 27. Qxf5+ Qxf5 28. Rxf5 Nc2 0-1

[Event "*** Titled Tuesday Blitz"]
[Site "Chess.com"]
[Date "2020.05.12"]
[Round "5"]
[White "White_Ghost"]
[Black "Kensei26"]
[Result "1-0"]
[WhiteElo "2439"]
[BlackElo "2218"]
[TimeControl "180+1"]
[EndTime "10:54:35 PDT"]
[Termination "White_Ghost won on time"]

1. d4 Nf6 2. c4 c5 3. d5 e6 4. Nc3 exd5 5. cxd5 d6 6. Nf3 g6 7. Bf4 Bg7 8. h3 O-O 9. e3 Re8 10. Be2 Ne4 11. Nxe4 Rxe4 12. Qd2 Rb4 13. O-O Rxb2 14.
Qd3 Rb4 15. Rab1 Na6 16. Rxb4 Nxb4 17. Qd2 Bf5 18. a3 Na6 19. g4 Bd7 20. Rb1 Qc7 21. Ng5 Re8 22. Qc2 Nb8 23. Ne4 b6 24.
Nxd6 Qd8 25. Nxe8 Qxe8 26. Bf3 Na6 27. d6 Nb8 28. Qe4 Qd8 29. Qb7 1-0

[Event "*** Titled Tuesday Blitz"]
[Site "Chess.com"]
[Date "2020.05.12"]
[Round "5"]
[White "Semen_Khanin"]
[Black "TigranMukhutdinov"]
[Result "1-0"]
[WhiteElo "2686"]
[BlackElo "2426"]
[TimeControl "180+1"]
[EndTime "10:54:36 PDT"]
[Termination "Semen_Khanin won by checkmate"]

1. e4 c5 2. Nf3 Nc6 3. Bb5 g6 4. O-O Bg7 5. c3 Nf6 6. Re1 O-O 7. d4 d5 8. e5 Ne4 9. Be3 cxd4 10. cxd4 Bd7 11. Nbd2 Nxd2 12. Qxd2 a6 13. Be2 Rc8 14.
h4 Bg4 15. Rac1 h5 16. Bg5 Re8 17. Rc5 Qd7 18. Rec1 e6 19. Qf4 Nb4 20. a3 Nc6 21. b4 Bf8 22. Bf6 Bg7 23. R1c3 b6 24. Rxc6 Rxc6 25. Rxc6 Qxc6 26. Ng5 Bf5 27. g4 hxg4 28. h5 gxh5 29. Bd3 Bxf6 30. exf6 Bxd3 31. Ne4 Rc8 32.
Qg5+ Kf8 33. Qg7+ Ke8 34. Qg8+ Kd7 35. Qxf7+ Kd8 36. Qe7# 1-0